 Dungeon Crawl Stone Soup version 0.29.1-1-gd02db6906a (webtiles) character file.

Game seed: 7993178819803857199

2569 Icepheonix32 the Protected (level 9, -4/80 HPs)
             Began as a Minotaur Fighter on Sept 22, 2022.
             Was a Believer of Makhleb.
             Slain by a basilisk (7 damage)
             ... while petrified by a basilisk
             ... on level 6 of the Dungeon.
             The game lasted 00:14:34 (5892 turns).

Icepheonix32 the Protected (Minotaur Fighter)       Turns: 5892, Time: 00:14:34

Health: -4/80      AC: 10    Str: 29    XL:     9   Next: 31%
Magic:  11/11      EV:  2    Int:  5    God:    Makhleb [**....]
Gold:   334        SH:  0    Dex: 10    Spells: 8/8 levels left

rFire   . . .      SeeInvis .   l - +4 dagger (drain)
rCold   . . .      Faith    .   n - orb {*Rage}
rNeg    + + +      Spirit   .   b - +0 scale mail
rPois   ∞          Reflect  .   (helmet restricted)
rElec   .          Harm     .   (no cloak)
rCorr   .          Rampage  .   f - +0 pair of gloves
Will    .....      Rage     23% (no boots)
Stlth   ..........              (no amulet)
HPRegen 0.23/turn               u - +6 ring of strength
MPRegen 0.12/turn               (no ring)

@: petrified, on berserk cooldown, slowed
A: horns 2, retaliatory headbutt, berserk 1, shaggy fur 1, weak 1
a: Renounce Religion, Minor Destruction


You were on level 6 of the Dungeon.
You worshipped Makhleb.
Makhleb was pleased with you.
You visited 1 branch of the dungeon, and saw 6 of its levels.
You also visited: Ossuary.

You collected 334 gold pieces.

Inventory:

Hand Weapons
 a - a +0 war axe
 l - a +4 dagger of draining (weapon)
 p - a +0 longbow
Armour
 b - a +0 scale mail (worn)
 c - a +0 buckler
 f - a +0 pair of gloves (worn)
 n - an orb of wrath (worn)
Jewellery
 k - an amulet of regeneration
 o - an amulet of faith
 s - a ring of fire
 u - a +6 ring of strength (left hand)
Wands
 w - a wand of flame (17)
Scrolls
 h - a scroll of fog
 i - a scroll of blinking
 j - 2 scrolls of vulnerability
 m - a scroll of fear
 v - a scroll of identify
 y - a scroll of poison
Potions
 d - 2 potions of might
 e - 5 potions of haste
 g - a potion of attraction
 q - 2 potions of flight
 r - 5 potions of curing
 x - 2 potions of mutation
 A - a potion of lignification


   Skills:
 * Level 7.6 Fighting
 + Level 3.1 Short Blades
 - Level 7.1(7.7) Axes
 * Level 4.1(6.2) Maces & Flails
 + Level 8.0 Armour
 + Level 2.9 Dodging
 + Level 0.8 Stealth
 + Level 4.1 Shields
 * Level 4.8 Invocations


You had 8 spell levels left.
You didn't know any spells.
Your spell library contained the following spells:

 Spells                   Type           Power      Damage    Failure   Level
 Magic Dart               Conj           0%         1d3       71%         1
 Slow                     Hex            0%         N/A       71%         1
 Call Imp                 Summ           0%         N/A       83%         2
 Confusing Touch          Hex            0%         N/A       97%         3
 Mephitic Cloud           Conj/Pois/Air  0%         N/A       97%         3
 Vampiric Draining        Necr           0%         2d6       97%         3


Dungeon Overview and Level Annotations

Branches:
Dungeon (6/15)             Temple (0/1) D:4         Ossuary (visited)

Altars:
Elyvilon
Gozag
Makhleb
Qazlal
Vehumet
Zin

Shops:
D:2 ((   D:5 (


Innate Abilities, Weirdness & Mutations

You have a pair of horns on your head.
You reflexively headbutt those who attack you in melee.
You sometimes lose your temper in combat.
You are covered in fur. (AC +1)
You are weak. (Str -2)


Message History

The phantom hits you but does no damage.
You puncture the phantom! You headbutt the phantom.
You destroy the phantom!
Makhleb accepts your kill.
You feel better.
Your Armour skill increases to level 8!
Unknown command.
The basilisk gazes at you.
You are slowing down.
Unknown command.
You are too berserk!
You feel a strong urge to attack something.
Your limbs are stiffening.
You are no longer berserk.
You are exhausted.
You feel yourself slow down.
The basilisk bites you but does no damage.
You closely miss the basilisk.
An ogre comes into view. It is wielding a +0 giant club.
The basilisk bites you.
The basilisk bites you but does no damage.
You have turned to stone.
The basilisk bites you but does no damage.
The boulder beetle bites you!
* * * LOW HITPOINT WARNING * * *
The orc hits you but does no damage. The basilisk bites you!
* * * LOW HITPOINT WARNING * * *
The boulder beetle bites you!!
* * * LOW HITPOINT WARNING * * *
The orc hits you but does no damage. The basilisk bites you.
* * * LOW HITPOINT WARNING * * *
The boulder beetle bites you.
* * * LOW HITPOINT WARNING * * *
The orc hits you but does no damage. The boulder beetle bites you!
* * * LOW HITPOINT WARNING * * *
The basilisk bites you!
You die...

.......#...... #...#
.......#...... #...
.......# ..... #..#
######.####.####..#
#.§..........#
#######......+
#####....O.#####.
.........oB......
..#...#..@#...#..
#...#?#.l.#?#...
#...#...#...#B...
.................####
..#...#...#...#.....######
[#...#.#...#=#..)...##...#
...# ..#.. #....)...#...#
.. .........#5T..'...#
#...#.#####†...#


You could see a boulder beetle, a basilisk, an ogre and an orc.

Vanquished Creatures
  A troll (D:5)
  3 water moccasins
  An ice beast (D:6)
  A sky beast (D:6)
  3 centaurs
  2 phantoms
  2 bullfrogs (D:6)
  9 scorpions
  A crimson imp (D:3)
  2 human zombies (Ossuary)
  2 quasits (D:5)
  5 hounds
  3 centaur zombies (Ossuary)
  An orc priest (D:4)
  Natasha (twice) (D:3)
  2 scorpion zombies (Ossuary)
  3 orc wizards (D:5)
  3 mummies (Ossuary)
  5 adders
  3 shadow imps
  2 white imps (D:5)
  4 ufetubi
  2 worms
  14 orcs
  4 endoplasms
  4 giant cockroaches
  A gnoll zombie (Ossuary)
  3 goblins
  6 hobgoblins
  2 jackals (D:4)
  A kobold (D:4)
  2 quokkas
  A ball python (D:3)
  5 bats
  4 frilled lizards
  A goblin zombie (Ossuary)
  3 hobgoblin zombies (Ossuary)
  4 orc zombies (Ossuary)
  5 rats
  A bush (D:3)
123 creatures vanquished.

Notes
Turn   | Place    | Note
-------+----------+-------------------------------------------
     0 | D:1      | Icepheonix32 the Minotaur Fighter began the quest for the
                  | Orb.
     0 | D:1      | Reached XP level 1. HP: 19/19 MP: 0/0
   149 | D:1      | Reached XP level 2. HP: 27/27 MP: 1/1
   540 | D:2      | Found a glowing silver altar of Zin.
   565 | D:2      | Reached skill level 4 in Armour
   887 | D:2      | Found Nooss's Weapon Shoppe.
   988 | D:2      | Found Dicoer Jonn's Antique Weapon Shoppe.
  1043 | D:2      | Reached XP level 3. HP: 34/34 MP: 2/2
  1514 | D:3      | Found a radiant altar of Vehumet.
  1515 | D:3      | Found a burning altar of Makhleb.
  1527 | D:3      | Reached XP level 4. HP: 33/41 MP: 3/3
  1534 | D:3      | Became a worshipper of Makhleb the Destroyer
  1603 | D:3      | Found a white marble altar of Elyvilon.
  1609 | D:3      | Noticed Natasha
  1617 | D:3      | Killed Natasha
  1682 | D:3      | Noticed Natasha
  1689 | D:3      | Killed Natasha
  1690 | D:3      | Reached skill level 5 in Fighting
  1690 | D:3      | Reached XP level 5. HP: 48/48 MP: 4/4
  1720 | D:3      | Found an opulent altar of Gozag.
  1808 | D:3      | Found a faded altar of an unknown god.
  2353 | D:4      | Noticed a phantom
  2358 | D:4      | Killed a phantom
  2380 | D:4      | Found a stormy altar of Qazlal.
  2396 | D:4      | Found a staircase to the Ecumenical Temple.
  2401 | D:4      | Reached skill level 5 in Axes
  2435 | D:4      | Reached XP level 6. HP: 56/56 MP: 5/5
  3162 | D:4      | Gained mutation: You sometimes lose your temper in combat.
                  | [potion of mutation]
  3162 | D:4      | Gained mutation: You are weak. (Str -2) [potion of
                  | mutation]
  3162 | D:4      | Gained mutation: You are covered in fur. (AC +1) [potion of
                  | mutation]
  3200 | D:5      | Entered Level 5 of the Dungeon
  3204 | D:5      | Reached skill level 5 in Armour
  3223 | D:5      | Noticed a water moccasin
  3227 | D:5      | Killed a water moccasin
  3228 | D:5      | Reached skill level 1 in Dodging
  3228 | D:5      | Reached skill level 1 in Invocations
  3593 | D:5      | Reached XP level 7. HP: 50/62 MP: 7/7
  3788 | D:5      | Found Eklyarie's Weapon Emporium.
  4113 | D:5      | Noticed a troll
  4121 | D:5      | Reached skill level 6 in Armour
  4121 | D:5      | Reached * piety under Makhleb
  4129 | D:5      | Killed a troll
  4130 | D:5      | Reached XP level 8. HP: 26/71 MP: 7/9
  4516 | D:5      | Reached skill level 7 in Armour
  5164 | D:6      | Found a sand-covered staircase.
  5169 | Ossuary  | Entered an ossuary
  5328 | Ossuary  | Reached skill level 1 in Maces & Flails
  5377 | Ossuary  | Reached ** piety under Makhleb
  5467 | Ossuary  | Reached skill level 1 in Short Blades
  5825 | D:6      | Reached XP level 9. HP: 79/79 MP: 11/11
  5832 | D:6      | Noticed a troll
  5851 | D:6      | HP: 1/79 [troll (5)]
  5852 | D:6      | Found a glowing silver altar of Zin.
  5878 | D:6      | Noticed a boulder beetle
  5885 | D:6      | Reached skill level 8 in Armour
  5892 | D:6      | HP: 3/80 [boulder beetle (6)]
  5892 | D:6      | Slain by a basilisk

Illustrated notes

Levels and vault maps discovered:
D:1:      dpeg_arrival_radiant, layout_rooms
D:2:      layout_basic, basic_altar, serial_shops, shop, shop
D:3:      layout_rooms, grunt_temple_overflow_lords_of_destruction,
          nicolae_gozag_cash_rules_everything_around_me,
          nicolae_elyvilon_peaceful_grove, ebering_ecumenical_altar_ruins,
          chequers_serial_rivers_large_b, uniq_natasha
D:4:      layout_loops_corners, mainiacjoe_overflow_alcove_2,
          minmay_temple_entry_proselytizer, serial_co_window_serial,
          co_window_of_opportunity_a, co_window_corner_a, co_window_paths_a,
          co_window_corner_a, co_window_paths_b, co_window_2corner,
          co_window_corner_b, co_window_corner_b, co_window_unsneaky_path_c,
          co_window_corner_b, co_window_corner_b, co_window_paths_e,
          glass_columns_b, glass_columns_b, glass_columns_a, glass_columns_a,
          glass_columns_a
D:5:      layout_basic, serial_demonic, serial_demonic_c, serial_demonic_d,
          serial_demonic_d, serial_demonic_a, serial_shops,
          nicolae_shop_advertising_works [nicolae_subvault_shop_adworks]
D:6:      cheibrodos_fzero, layout_basic, old_standard_altar, enter_ossuary_2,
          chequers_avenue, minmay_hollow_rounded_squares

Skill      XL: |  1  2  3  4  5  6  7  8  9 |
---------------+----------------------------+-----
Fighting       | 4 5 6 7 |  7.6
Armour         | 4 5 6 7 8 |  8.0
Shields        | 4 |  4.1
Axes           | 3 4 5 7 |  7.1
Dodging        | 1 2 |  2.9
Invocations    | 1 3 4 |  4.8
Maces & Flails | 3 4 |  4.1
Short Blades   | 2 3 |  3.1
Stealth        | |  0.8

Action                   |  1- 3 |  4- 6 |  7- 9 || total
-------------------------+-------+-------+-------++-------
Melee: War axe           |    64 |    53 |    69 ||   186
       Headbutt          |     5 |    16 |    27 ||    48
       Dagger            |       |       |   118 ||   118
Evoke: Wand              |       |       |     1 ||     1
  Use: Scroll            |       |     8 |     3 ||    11
       Potion            |       |     6 |     3 ||     9
Armor: Scale mail        |    39 |    32 |   144 ||   215
Dodge: Dodged            |    28 |    33 |   154 ||   215
Block: Buckler           |    10 |       |       ||    10
